 Dungeon Crawl Stone Soup version 0.32-a0-630-g46d191b0ed (webtiles) character file.

Game seed: 4818855738015261092

806 dialectric the Ducker (level 7, -8/54 HPs)
             Began as a Coglin Gladiator on Mar 7, 2024.
             Mangled by a yak (13 damage)
             ... on level 4 of the Dungeon.
             The game lasted 00:03:50 (3342 turns).

dialectric the Ducker (Coglin Gladiator)            Turns: 3342, Time: 00:03:50

Health: -8/54      AC:  8    Str: 15    XL:     7   Next: 91%
Magic:  7/7        EV: 14    Int:  7    God:
Gold:   194        SH:  0    Dex: 17    Spells: 6/6 levels left

rFire   + . .        n - +3 dagger "Dasaesch" {holy, Fly rF+}
rCold   . . .        m - +4 dagger {Rubén}
rNeg    . . .        b - +0 leather armour
rPois   .            c - +1 helmet
rElec   .            w - +2 cloak {rCorr}
rCorr   +            (no gloves)
SInv    .            (no boots)
Will    .....        (amulet unavailable)
Stlth   ++           (ring unavailable)
HPRegen 0.29/turn    (ring unavailable)
MPRegen 0.10/turn    (no gizmo)

%: no passive effects
@: flying, revved
A: off-hand wielding, slow wielding, warmup strikes, no jewellery
a: Invent Gizmo


You were on level 4 of the Dungeon.
You visited 1 branch of the dungeon, and saw 5 of its levels.

You collected 194 gold pieces.

Inventory:

Hand Weapons
 a - a +0 trident {Bangon}
 m - a +4 dagger (offhand) {Rubén}
 n - the +3 dagger "Dasaesch" (weapon) {holy, Fly rF+}
   (You found it on level 2 of the Dungeon)

   rF+:       It protects you from fire.
   Fly:       It grants you flight.
 v - the +4 hammer "Goblin's Foe" {drain, Dex+3}
   (You found it on level 4 of the Dungeon)

   Dex+3:     It affects your dexterity (+3).
Missiles
 d - 3 throwing nets (quivered)
 e - a javelin
Armour
 b - a +0 leather armour (worn)
 c - a +1 helmet (worn)
 k - a scarf of invisibility
 w - a +2 cloak of preservation (worn)
Talismans
 g - a beast talisman
Scrolls
 h - 2 scrolls of fog {unknown}
 o - 2 scrolls of enchant armour
 q - a scroll of silence {unknown}
 s - a scroll of teleportation {unknown}
 t - 4 scrolls of identify {unknown}
Potions
 f - a potion of curing {unknown}
 i - a potion of experience {unknown}
 j - a potion of berserk rage {unknown}
 l - a potion of heal wounds
 p - a potion of cancellation {unknown}
 r - 2 potions of invisibility {unknown}
 u - a potion of mutation {unknown}
 x - a potion of haste {unknown}
 z - a potion of degeneration {unknown}


   Skills:
 + Level 4.1 Fighting
 + Level 2.6 Short Blades
 - Level 3.1 Polearms
 + Level 3.7 Throwing
 * Level 4.7 Dodging
 + Level 3.0 Stealth


You had 6 spell levels left.
You didn't know any spells.
Your spell library contained the following spells:

 Spells                   Type           Power      Damage    Failure   Level
 Sting                    Conj/Alch      0%         1d3       50%         1
 Mercury Vapours          Alch/Air       0%         N/A       65%         2
 Olgreb's Toxic Radiance  Alch           0%         N/A       99%         4


Dungeon Overview and Level Annotations

Branches:
Dungeon (5/15)
 Temple: D:4-7

Altars:
Dithmenos
Qazlal
Ru
Vehumet

Shops:
D:4 *

Annotations:
D:4 3 runed translucent doors, Jigsaw's ghost, novice GnRe


Innate Abilities, Weirdness & Mutations

You can wield a second weapon in your off-hand.
It takes a long time for you to wield or remove held weapons.
Your first few attacks do less damage.
You cannot equip rings or amulets.


Message History

The yak gores you!
You hit the yak with the +3 dagger "Dasaesch".
The yak is lightly wounded.
You puncture the yak with your +4 dagger!
The yak gores you but does no damage.
You hit the yak but do no damage.
The yak is moderately wounded.
You hit the yak but do no damage. The yak gores you.
You hit the yak but do no damage.
The yak is moderately wounded.
You hit the yak with the +3 dagger "Dasaesch".
The yak gores you!
You hit the yak with your +4 dagger.
The yak is severely wounded.
You hit the yak with the +3 dagger "Dasaesch".
The yak gores you.
You hit the yak but do no damage.
The yak is severely wounded.
You hit the yak with the +3 dagger "Dasaesch".
You hit the yak but do no damage.
The yak is almost dead.
You hit the yak but do no damage. The yak gores you!
* * * LOW HITPOINT WARNING * * *
You hit the yak with your +4 dagger.
The yak is almost dead.
You completely miss the yak with the +3 dagger "Dasaesch".
The yak closely misses you.
You hit the yak but do no damage.
The yak is almost dead.
You hit the yak but do no damage. The yak gores you!
* * * LOW HITPOINT WARNING * * *
You hit the yak with the +3 dagger "Dasaesch".
The yak is almost dead.
You closely miss the yak with your +4 dagger.
The yak misses you.
You barely miss the yak with the +3 dagger "Dasaesch".
The yak is almost dead.
You barely miss the yak with your +4 dagger.
The yak gores you!
You die...

#....###..###..#....#..†.#..###.
####.......##(#......#..#...# #.
#####........##........##....#
#.
.............############....#
#.
.........)....#########..#...#
#.
....................#.....#..#
#.
............|....##.#......#.#
#.
.......####......##.#.#.....##
#. .......# ######@##.#.#.....#
#. .......# #Y##.#.#####.# #.
######## ####.##.#.# #.# #.
#.......#.# #.##### #.##.####.#
#...... #############.##......#
####### ..............#########
###############


You could see a yak.

Vanquished Creatures
  A yak (D:4)
  A black bear (D:4)
  An ogre (D:4)
  Blork the orc (D:4)
  A scorpion (D:4)
  3 bombardier beetles
  A jelly (D:4)
  2 hounds
  Crazy Yiuf (D:4)
  An iguana (D:5)
  6 adders
  A white imp (D:4)
  A dart slug (D:3)
  3 ribbon worms
  6 endoplasms
  A giant cockroach (D:2)
  2 goblins
  6 hobgoblins
  4 jackals (D:1)
  2 quokkas (D:1)
  6 ball pythons
  6 bats
  A frilled lizard (D:1)
  4 kobolds
  4 rats
66 creatures vanquished.

Notes
Turn   | Place    | Note
-------+----------+-------------------------------------------
     0 | D:1      | dialectric the Coglin Gladiator began the quest for the
                  | Orb.
     0 | D:1      | Reached XP level 1. HP: 16/16 MP: 1/1
   163 | D:1      | Reached XP level 2. HP: 22/22 MP: 2/2
   635 | D:2      | Reached XP level 3. HP: 28/28 MP: 3/3
   751 | D:2      | Found a shadowy altar of Dithmenos.
   859 | D:2      | Identified the +3 dagger "Dasaesch" {holy, Fly rF+}
   904 | D:2      | Reached skill level 1 in Stealth
  1025 | D:2      | Reached XP level 4. HP: 33/34 MP: 4/4
  1404 | D:3      | Reached XP level 5. HP: 19/40 MP: 5/5
  1565 | D:3      | Found a radiant altar of Vehumet.
  1565 | D:3      | Found a stormy altar of Qazlal.
  1806 | D:4      | Noticed Jigsaw's ghost (novice GnRe)
  1819 | D:4      | Found a runed translucent gate.
  1819 | D:4      | Found a runed translucent gate.
  1819 | D:4      | Found a runed translucent gate.
  1824 | D:4      | Noticed an ogre
  1836 | D:4      | Killed an ogre
  1837 | D:4      | Reached skill level 1 in Short Blades
  1837 | D:4      | Reached XP level 6. HP: 47/47 MP: 6/6
  1925 | D:4      | Found a sacrificial altar of Ru.
  2002 | D:4      | Noticed a black bear
  2011 | D:4      | Killed a black bear
  2091 | D:4      | Found a runed translucent door.
  2096 | D:4      | Identified the +4 hammer "Goblin's Foe" {drain, Dex+3}
  2101 | D:4      | Noticed Crazy Yiuf
  2113 | D:4      | Killed Crazy Yiuf
  2389 | D:4      | Noticed Blork the orc
  2403 | D:4      | Killed Blork the orc
  2404 | D:4      | Reached XP level 7. HP: 19/53 MP: 7/7
  2584 | D:4      | Found Quesusio's Overcharged Wands.
  2985 | D:5      | Entered Level 5 of the Dungeon
  3203 | D:5      | Noticed a yak
  3205 | D:5      | Noticed a yak
  3205 | D:5      | Noticed a yak
  3205 | D:5      | Noticed a yak
  3264 | D:4      | Killed a yak
  3342 | D:4      | Mangled by a yak

Illustrated notes

Levels and vault maps discovered:
D:1:      minmay_arrival_pointy, layout_loops_ring
D:2:      layout_loops_ring, basic_altar
D:3:      layout_rooms, gammafunk_temple_overflow_elements
D:4:      layout_basic, nicolae_ru_sacrificial_ziggurat, gammafunk_ghost_split,
          hangedman_decor_slide_cut, dk_noncrumbling_3,
          nicolae_shop_overcharged_wands, uniq_sigmund, uniq_crazy_yiuf_cottage,
          uniq_blork_the_orc
D:5:      layout_cave_pools, serial_shops, shop

Skill      XL: |  1  2  3  4  5  6  7 |
---------------+----------------------+-----
Throwing       | 2 3 |  3.7
Polearms       | 3 |  3.1
Dodging        | 3 4 |  4.7
Stealth        | 1 2 3 |  3.0
Fighting       | 3 4 |  4.1
Short Blades   | 1 2 |  2.6

Action                     |  1- 3 |  4- 6 |  7- 9 || total
---------------------------+-------+-------+-------++-------
  Melee: Trident           |    82 |    12 |       ||    94
         Dagger            |    53 |   150 |   126 ||   329
  Throw: Throwing net      |       |     1 |       ||     1
    Use: Potion            |       |     1 |       ||     1
         Scroll            |       |       |     1 ||     1
   Stab: Sleeping          |     7 |     2 |     2 ||    11
 Armour: Leather armour    |    24 |    43 |    33 ||   100
  Dodge: Dodged            |    48 |    45 |    38 ||   131

Table legend: (Time is in decaauts)
 A = Elapsed time spent in this place.
 B = Non-inter-level travel time spent in this place.
 C = Inter-level travel time spent in this place.
 D = Time resting spent in this place.
 E = Time spent auto-exploring this place.
 F = Levels seen in this place.
 G = Mean time per level.
                   A        B        C        D        E       F      G
               +--------+--------+--------+--------+--------+-----+--------+
         Total |   3339 |   3252 |     87 |    189 |   2335 |   5 |  667.8 |
       Dungeon |   3339 |   3252 |     87 |    189 |   2335 |   5 |  667.8 |
               +--------+--------+--------+--------+--------+-----+--------+

Top non-repeatable levels by time:
     D:4: 1288 daAuts
     D:2: 707 daAuts
     D:1: 633 daAuts
     D:3: 468 daAuts
     D:5: 242 daAuts
